 Dungeon Sprint DCSS version 0.29.1-14-g9c671dbff4 (webtiles) character file.

Game seed: 17597749320434774285

47 Groucho the Digger (level 3, -4/16 HPs)
             Began as a Spriggan Earth Elementalist on Feb 18, 2023.
             Slain by a wolf (8 damage)
             ... in the Dungeon (Sprint III: "The Ten Rune Challenge").
             The game lasted 00:01:17 (646 turns).

Groucho the Digger (Spriggan Earth Elementalist)     Turns: 646, Time: 00:01:18

Health: -4/16      AC:  2    Str:  4    XL:     3   Next: 48%
Magic:  7/10       EV: 19    Int: 18    God:
Gold:   0          SH:  0    Dex: 15    Spells: 7/11 levels left

rFire   . . .      SeeInvis +   (weapon restricted)
rCold   . . .      Faith    .   (no shield)
rNeg    . . .      Spirit   .   a - +0 robe
rPois   .          Reflect  .   (helmet restricted)
rElec   .          Harm     .   (no cloak)
rCorr   .          Rampage  .   (gloves unavailable)
Will    .....      NoTele   +   (boots unavailable)
Stlth   ++........              (no amulet)
HPRegen 0.05/turn               (no ring)
MPRegen 0.12/turn               (no ring)

@: very quick
A: very small, no large weapons, unfitting armour, see invisible, speed 3
a: no special abilities


You were in the Dungeon.
You visited 1 branch

Inventory:

Armour
 a - a +0 robe (worn)
Scrolls
 g - a scroll of blinking
Potions
 b - 3 potions of magic
 c - a potion of curing
 d - a potion of heal wounds
 e - 2 potions of haste
 f - a potion of berserk rage


   Skills:
 + Level 5.2 Dodging
 - Level 3.0 Stealth
 + Level 4.9 Spellcasting
 - Level 1.3 Transmutations
 * Level 5.2 Earth Magic


You had 7 spell levels left.
You knew the following spells:

 Your Spells              Type           Power      Damage    Failure   Level
a - Sandblast             Erth           46%        2d11      1%          1
b - Stone Arrow           Conj/Erth      26%        3d8       14%         3

Your spell library contained the following spells:

 Spells                   Type           Power      Damage    Failure   Level
 Passwall                 Tmut/Erth      13%        N/A       5%          2
 Petrify                  Tmut/Erth      16%        N/A       34%         4


Dungeon Overview and Level Annotations

Branches:
Dungeon (1/1)

Altars:


Innate Abilities, Weirdness & Mutations

You are very small and have problems with some larger weapons.
You are too small for most types of armour.
You have supernaturally acute eyesight. (SInv)
You cover ground extremely quickly. (Speed+++)


Message History

Unknown command.
Unknown command.
There is an open door here.
There is an open door here.
You start resting.
Magic restored.
You start waiting.
You start waiting.
You start waiting.
A wolf comes into view.
Aiming: Sandblast (safe; 1% risk of failure)
Press: ? - help, Q - select action Shift-Dir - straight line, f - wolf
Aim: a wolf (asleep, 100% to hit)
The blast of sand hits the wolf!
The wolf is severely wounded.
The wolf howls!
Unknown command.
Unknown command.
Unknown command.
Aiming: Sandblast (safe; 1% risk of failure)
Press: ? - help, Q - select action Shift-Dir - straight line, f/p - wolf
Aim: a wolf (severely wounded, 72% to hit)
The blast of sand misses the wolf.
The wolf completely misses you. The wolf bites you.
Unknown command.
Unknown command.
Aiming: Sandblast (safe; 1% risk of failure)
Press: ? - help, Q - select action Shift-Dir - straight line, f/p - wolf
Aim: a wolf (severely wounded, 72% to hit)
The blast of sand hits the wolf.
The wolf is severely wounded.
The wolf bites you!
Ouch! That really hurt!
* * * LOW HITPOINT WARNING * * *
The wolf barely misses you.
Unknown command.
Unknown command.
The wolf attacks as you move away! The wolf bites you!
Ouch! That really hurt!
You die...

▓▓▓▓ ▓▓▓▓▓▓ ▓<.#
+....♣♣ ▓..#
#.....♣
▓#'####.....♣
▓.....#....~♣♣♣
▓.....#h..~~♣..
▓.....#@.~~~~.♣♣♣ +
▓####'#..~≈≈~~~.♣.#
▓[..÷.#.~~≈~~~....#
▓.)...#.~≈~~~.....#
▓.....#.~~~.......#
▓'#####...........#
▓.................#
▓▓▓▓▓▓▓▓▓▓▓▓▓▓▓▓▓▓▓


You could see a wolf.

Vanquished Creatures
  Jessica (D)
  A human (D)
  2 endoplasms (D)
  A rat (D)
5 creatures vanquished.

Notes
Turn   | Place    | Note
-------+----------+-------------------------------------------
     0 | D        | Groucho the Spriggan Earth Elementalist began the quest for
                  | the Orb.
     0 | D        | Reached XP level 1. HP: 9/9 MP: 5/5
   200 | D        | Noticed Jessica
   201 | D        | Killed Jessica
   202 | D        | Reached XP level 2. HP: 13/13 MP: 4/8
   202 | D        | Reached XP level 3. HP: 16/16 MP: 4/9
   406 | D        | Learned a level 3 spell: Stone Arrow
   438 | D        | Reached skill level 5 in Dodging
   438 | D        | Reached skill level 5 in Earth Magic
   646 | D        | Slain by a wolf

Illustrated notes

Levels and vault maps discovered:
D:        dungeon_sprint_mu [sprint_mu_entry_forest, sprint_mu_temple_rooms,
          sprint_mu_d1_spiders, sprint_mu_d2_genie, sprint_mu_d3_branching,
          sprint_mu_orc_legion, sprint_mu_elf_gauntlet, sprint_mu_hive_nellie,
          sprint_mu_lair_fedhas, sprint_mu_vaults_butterflies,
          sprint_mu_slime_circle, sprint_mu_swamp_cave, sprint_mu_shoals_archi,
          sprint_mu_blade_basic, sprint_mu_crypt_lich, sprint_mu_tomb_spiral,
          sprint_mu_vestibule_basic, sprint_mu_gehenna_hellfire,
          sprint_mu_dis_giant, sprint_mu_tartarus_statrot,
          sprint_mu_cocytus_islands, sprint_mu_zot1]

Skill      XL: |  1  2  3 |
---------------+----------+-----
Dodging        | 4 5 |  5.2
Spellcasting   | 4 |  4.9
Earth Magic    | 4 5 |  5.2
Stealth        | |  3.0
Transmutations | |  1.3

Action                   || total
-------------------------++-------
 Cast: Sandblast         ||    14
Dodge: Dodged            ||     2
